 Dungeon Crawl Stone Soup version 0.29-a0-648-g6b26cc9f40 (webtiles) character file.

Game seed: 18254010783979182391

4168 miscthings the Basher (level 10, -3/83 HPs)
             Began as a Meteoran Monk on June 21, 2022.
             Was a High Priest of Okawaru.
             Slain by a two-headed ogre
             ... wielding a +0 giant club
              (11 damage)
             ... on level 8 of the Dungeon.
             The game lasted 00:25:00 (4056 turns).

miscthings the Basher (Meteoran Monk)               Turns: 4056, Time: 00:25:00

Health: -3/83      AC: 11    Str: 18    XL:     10   Next: 82%
Magic:  24/24      EV: 14    Int: 12    God:    Okawaru [*****.]
Gold:   475        SH:  0    Dex: 16    Spells: 9/9 levels left

rFire   . . .      SeeInvis .   H - +2 dire flail (drain)
rCold   . . .      Faith    .   (shield currently unavailable)
rNeg    + . .      Spirit   .   g - +0 ring mail
rPois   +          Reflect  .   (no helmet)
rElec   .          Harm     .   B - +2 cloak {rPois}
rCorr   .          Rampage  .   I - +1 pair of gloves
Will    +....                   (no boots)
Stlth   +.........              w - amulet of the acrobat
HPRegen 0.23/turn               h - ring of positive energy
MPRegen 0.19/turn               n - ring of magical power

@: glowing
A: sense surroundings 2, otherworldly, glowing, explore regen
a: Renounce Religion, Heroism, Finesse, Duel


You were on level 8 of the Dungeon.
You worshipped Okawaru.
Okawaru was extremely pleased with you.
You visited 2 branches of the dungeon, and saw 9 of its levels.

You collected 475 gold pieces.

Inventory:

Hand Weapons
 b - a +4 flail
 e - a +0 mace of holy wrath
 H - a +2 dire flail of draining (weapon)
Missiles
 v - 11 poisoned darts (quivered)
 y - 4 javelins
Armour
 g - a +0 ring mail (worn)
 B - a +2 cloak of poison resistance (worn)
 F - a +1 robe of fire resistance
 I - a +1 pair of gloves (worn)
Jewellery
 h - a ring of positive energy (left hand)
 n - a ring of magical power (right hand)
 w - an amulet of the acrobat (around neck)
Wands
 t - a wand of flame (17)
 E - a wand of charming (13)
 G - a wand of iceblast (10)
Scrolls
 a - a scroll of vulnerability {unknown}
 f - 2 scrolls of fear
 i - 2 scrolls of blinking
 k - a scroll of poison {unknown}
 l - a scroll of enchant armour {unknown}
 o - a scroll of amnesia
 q - 2 scrolls of teleportation
 s - a scroll of summoning {unknown}
 z - a scroll of enchant weapon {unknown}
 A - a scroll of noise {unknown}
 D - a scroll of identify {@r1}
Potions
 c - a potion of ambrosia
 d - a potion of mutation
 j - 3 potions of attraction
 m - 3 potions of curing
 p - a potion of haste
 r - a potion of flight
 u - 2 potions of heal wounds
 x - a potion of lignification
 C - a potion of might


   Skills:
 + Level 5.7 Fighting
 - Level 14.0 Maces & Flails
 - Level 4.0 Throwing
 + Level 4.8 Armour
 + Level 6.2 Dodging
 - Level 1.4 Stealth
 + Level 5.5 Invocations
 + Level 4.8 Evocations


You had 9 spell levels left.
You didn't know any spells.
Your spell library contained the following spells:

 Spells                   Type           Power      Damage    Failure   Level
 Beastly Appendage        Tmut           0%         N/A       50%         1
 Magic Dart               Conj           0%         1d3       50%         1
 Slow                     Hex            0%         N/A       50%         1
 Ensorcelled Hibernation  Hex/Ice        0%         N/A       63%         2
 Passwall                 Tmut/Erth      0%         N/A       63%         2
 Searing Ray              Conj           0%         2d4       63%         2
 Wereblood                Tmut           0%         N/A       63%         2
 Confusing Touch          Hex            0%         N/A       86%         3
 Spider Form              Tmut/Pois      0%         N/A       86%         3
 Swiftness                Air            0%         N/A       86%         3
 Vampiric Draining        Necr           0%         2d6       86%         3
 Fulminant Prism          Conj/Hex       0%         3d6       99%         4
 Freezing Cloud           Conj/Ice/Air   0%         6-21      100%        5
 Polar Vortex             Ice            0%         N/A       100%        9
 Simulacrum               Ice/Necr       Unusable   N/A       N/A         6

Dungeon Overview and Level Annotations

Branches:
Dungeon (8/15) Zot: 913    Temple (1/1) D:4 Zot: 544
   Lair: D:8-11

Altars:
Cheibriados
Dithmenos
Elyvilon
Fedhas
Nemelex Xobeh
Okawaru
Ru
Sif Muna
Wu Jian
Xom
Yredelemnul
Zin


Innate Abilities, Weirdness & Mutations

You passively map the area around you.
You are easily found by Zot.
You glow in the dark.
You regain HP and MP as you explore.


Message History

The poisoned dart barely misses the two-headed ogre.
Throw: 13 darts (poison)
Press: ? - help, Q - select action, (/) - cycle Shift-Dir - straight line, f/p - two-headed ogre
Aim: a two-headed ogre, wielding two +0 giant clubs (lightly wounded, very poisoned, 77% to hit)
You throw a poisoned dart.
The poisoned dart barely misses the two-headed ogre.
Throw: 12 darts (poison)
Press: ? - help, Q - select action, (/) - cycle Shift-Dir - straight line, f/p - two-headed ogre
Aim: a two-headed ogre, wielding two +0 giant clubs (lightly wounded, very poisoned, 77% to hit)
You throw a poisoned dart.
The poisoned dart hits the two-headed ogre.
The two-headed ogre looks even sicker.
The two-headed ogre is lightly wounded.
You puncture the two-headed ogre!
The two-headed ogre is lightly wounded.
The two-headed ogre hits you but does no damage.
The two-headed ogre hits you with a +0 giant club!
You barely miss the two-headed ogre.
The two-headed ogre is moderately wounded.
You barely miss the two-headed ogre.
The two-headed ogre is moderately wounded.
The two-headed ogre hits you with a +0 giant club!!
The two-headed ogre hits you with a +0 giant club!
You puncture the two-headed ogre! You drain the two-headed ogre.
The two-headed ogre is heavily wounded.
The two-headed ogre attacks as you move away!
The two-headed ogre hits you with a +0 giant club! x2
* * * LOW HITPOINT WARNING * * *
Aiming: Iceblast
Press: ? - help, Shift-Dir - straight line, f/p - two-headed ogre
Aim: a two-headed ogre, wielding two +0 giant clubs (heavily wounded, very poisoned, lightly drained)
The mass of ice explodes!
The iceblast engulfs the two-headed ogre!
The two-headed ogre is severely wounded.
You puncture the two-headed ogre!
The two-headed ogre is almost dead.
The two-headed ogre hits you with a +0 giant club.
* * * LOW HITPOINT WARNING * * *
The two-headed ogre hits you with a +0 giant club!
You die...

###...##......##.###
#, ,,*,
...###......#.## ##
* , ..........#...##
.# ** ,#...#.##....#
<#** * ##..#.......#
.# , #........###
##_ , _######...###
.## , #........# *
..# **+
***###..@.##..# ..#
##.O## ...# ### *
*##.# ...# ## *
*#.....# ..## .# ,*,
, #.#....# ..,* ..#*
# #....#,, * ..... ,
.(.... * .####,
,,,........,* .# ,,
, ...?.....


You could see a two-headed ogre (very poisoned, drained).

Vanquished Creatures
  Pikel (D:5)
  A komodo dragon (D:8)
  Eustachio (D:5)
  6 yaks (D:8)
  A wyvern (D:8)
  Menkaure (D:5)
  Edmund (D:5)
  Duvessa (D:4)
  A sky beast (D:6)
  An ice beast (D:7)
  An orc warrior (D:6)
  3 centaurs (D:7)
  A phantom (D:4)
  A bullfrog (D:5)
  A necrophage (D:6)
  3 scorpions
  6 wights
  Dowan (D:4)
  4 hounds
  Crazy Yiuf (D:4)
  4 jellies
  2 orc priests
  2 iguanas
  Ijyb (D:5)
  Terence (D:3)
  5 orc wizards
  6 adders
  A shadow imp (D:6)
  A white imp (D:8)
  An ufetubus (D:4)
  2 worms (D:3)
  4 dart slugs
  13 orcs
  4 bats
  3 endoplasms
  8 giant cockroaches
  2 goblins
  8 hobgoblins
  5 quokkas
  4 ball pythons
  9 kobolds
  2 rats (D:2)
125 creatures vanquished.

Notes
Turn   | Place    | Note
-------+----------+-------------------------------------------
     0 | D:1      | miscthings the Meteoran Monk began the quest for the Orb.
     0 | D:1      | Reached XP level 1. HP: 19/19 MP: 2/2
    57 | D:1      | Reached XP level 2. HP: 24/26 MP: 3/3
   132 | D:1      | Reached skill level 5 in Maces & Flails
   183 | D:1      | Reached XP level 3. HP: 24/31 MP: 4/4
   490 | D:1      | Glimpsed the power of Zot.
   704 | D:2      | Reached XP level 4. HP: 38/38 MP: 5/5
   882 | D:2      | Reached skill level 6 in Maces & Flails
  1363 | D:3      | Noticed Terence
  1375 | D:3      | Killed Terence
  1376 | D:3      | Reached XP level 5. HP: 26/45 MP: 6/6
  1390 | D:3      | Reached skill level 7 in Maces & Flails
  1397 | D:3      | Found a faded altar of an unknown god.
  1521 | D:4      | Noticed a phantom
  1533 | D:4      | Killed a phantom
  1534 | D:4      | Reached skill level 8 in Maces & Flails
  1534 | D:4      | Reached XP level 6. HP: 51/51 MP: 7/7
  1569 | D:4      | Found a staircase to the Ecumenical Temple.
  1591 | Temple   | Entered the Ecumenical Temple
  1623 | Temple   | Became a worshipper of Warmaster Okawaru
  1623 | Temple   | Reached * piety under Okawaru
  1623 | Temple   | Reached ** piety under Okawaru
  1783 | D:4      | Found a runed translucent door.
  1784 | D:4      | Noticed Crazy Yiuf
  1797 | D:4      | Killed Crazy Yiuf
  1857 | D:4      | Reached skill level 9 in Maces & Flails
  1913 | D:4      | Reached XP level 7. HP: 48/57 MP: 8/8
  2050 | D:4      | Noticed Duvessa
  2050 | D:4      | Noticed Dowan
  2060 | D:4      | Killed Duvessa
  2079 | D:4      | Killed Dowan
  2080 | D:4      | Reached skill level 10 in Maces & Flails
  2133 | D:5      | Entered Level 5 of the Dungeon
  2133 | D:5      | Noticed Menkaure
  2155 | D:5      | Noticed Ijyb
  2156 | D:5      | Noticed Eustachio
  2184 | D:5      | Killed Ijyb
  2215 | D:5      | Noticed Pikel
  2250 | D:5      | Killed Pikel
  2251 | D:5      | Reached skill level 12 in Maces & Flails
  2251 | D:5      | Reached XP level 8. HP: 32/63 MP: 9/9
  2268 | D:5      | Found a snail-covered altar of Cheibriados.
  2287 | D:5      | Reached *** piety under Okawaru
  2298 | D:5      | Killed Eustachio
  2299 | D:5      | Reached skill level 13 in Maces & Flails
  2299 | D:5      | Gained mutation: You passively map the area around you.
                  | [Meteoran growth]
  2299 | D:5      | Reached XP level 9. HP: 24/70 MP: 10/10
  2487 | D:5      | Noticed Edmund
  2499 | D:5      | Killed Edmund
  2500 | D:5      | Reached skill level 14 in Maces & Flails
  2548 | D:5      | Killed Menkaure
  2549 | D:5      | Reached skill level 1 in Throwing
  2549 | D:5      | Reached skill level 1 in Armour
  2549 | D:5      | Reached skill level 1 in Invocations
  2549 | D:5      | Reached skill level 1 in Evocations
  2699 | D:6      | Reached **** piety under Okawaru
  3400 | D:7      | Reached XP level 10. HP: 80/80 MP: 13/13
  3455 | D:7      | Reached skill level 5 in Dodging
  3817 | D:8      | Reached skill level 5 in Fighting
  3880 | D:8      | Noticed a komodo dragon
  3895 | D:8      | Killed a komodo dragon
  3895 | D:8      | Reached ***** piety under Okawaru
  3904 | D:8      | Reached skill level 5 in Invocations
  4043 | D:8      | Noticed a two-headed ogre
  4056 | D:8      | Slain by a two-headed ogre

Illustrated notes

Levels and vault maps discovered:
D:1:      minmay_arrival_four_loops, layout_basic, minmay_fountain_box,
          minivault_23
D:2:      layout_basic
D:3:      layout_loops_cross, basic_ecumenical_altar, uniq_terence
D:4:      layout_loops_ring, minmay_temple_entry_ruins, uniq_duvessa,
          uniq_crazy_yiuf_cottage
D:5:      layout_cave_pools, serial_park, serial_park_square1
          [serial_park_minivault_5x5_1], serial_park_tiny_2, serial_park_square1
          [serial_park_minivault_5x5_4], serial_park_square1
          [serial_park_minivault_5x5_8], uniq_edmund, uniq_menkaure, uniq_pikel,
          uniq_eustachio, uniq_ijyb
D:6:      layout_basic, serial_curves, eino_curves_02, eino_curves_01,
          eino_curves_03, eino_curves_01
D:7:      layout_loops_ring, nicolae_fountain_basement
D:8:      layout_cave_pools, grunt_temple_overflow_diamond,
          gammafunk_temple_overflow_forgotten, supply_closet_lemuel
Temple:   nicolae_temple_elliptical

Skill      XL: |  1  2  3  4  5  6  7  8  9 10 |
---------------+-------------------------------+-----
Maces & Flails | 5 6 8 9 12 13 14 | 14.0
Throwing       | 2 4 |  4.0
Armour         | 3 4 |  4.8
Invocations    | 3 5 |  5.5
Evocations     | 2 4 |  4.8
Dodging        | 4 6 |  6.2
Fighting       | 4 5 |  5.7
Stealth        | |  1.4

Action                   |  1- 3 |  4- 6 |  7- 9 | 10-12 || total
-------------------------+-------+-------+-------+-------++-------
Melee: Mace              |    96 |    50 |    11 |     4 ||   161
       Punch             |     2 |     3 |     6 |       ||    11
       Whip              |       |    57 |   175 |       ||   232
       Dire flail        |       |       |    74 |    86 ||   160
       Unarmed           |       |       |       |     2 ||     2
Throw: Javelin           |       |     5 |     3 |       ||     8
       Dart              |       |     5 |     4 |     4 ||    13
Invok: Heroism           |       |       |     2 |     1 ||     3
Evoke: Wand              |       |       |       |     4 ||     4
  Use: Scroll            |       |     4 |     8 |       ||    12
       Potion            |       |     1 |     2 |       ||     3
Armor: Robe              |     4 |       |       |       ||     4
       Ring mail         |    26 |    23 |    68 |    17 ||   134
       Skin              |       |       |       |     1 ||     1
Dodge: Dodged            |    62 |    36 |   111 |    50 ||   259

Table legend: (Time is in decaauts)
 A = Elapsed time spent in this place.
 B = Non-inter-level travel time spent in this place.
 C = Inter-level travel time spent in this place.
 D = Time resting spent in this place.
 E = Time spent auto-exploring this place.
 F = Levels seen in this place.
 G = Mean time per level.
                   A        B        C        D        E       F      G
               +--------+--------+--------+--------+--------+-----+--------+
         Total |   3941 |   3613 |    328 |      0 |   1163 |   9 |  437.9 |
       Dungeon |   3886 |   3581 |    305 |      0 |   1163 |   8 |  485.8 |
        Temple |     55 |     32 |     23 |      0 |      0 |   1 |   55.0 |
               +--------+--------+--------+--------+--------+-----+--------+

Top non-repeatable levels by time:
     D:6: 667 daAuts
     D:4: 579 daAuts
     D:2: 533 daAuts
     D:1: 518 daAuts
     D:3: 481 daAuts
     D:5: 454 daAuts
     D:7: 418 daAuts
     D:8: 233 daAuts
  Temple: 55 daAuts
